Cogmind - Beta 15 @@@ ROGUE MODE // 2025.07.23 @ 20:52:12 Player: beans Result: Destroyed by QC-UMH(R) with Subdweller Laser Performance ------------- Evolutions (0) 0 Regions Visited (3) 600 Robots Destroyed (14) 70 Value Destroyed (242) 242 Prototype IDs (0) 0 Alien Tech Used (0) 0 Bonus (0) 0 TOTAL SCORE: 912 Bonus ------- None Cogmind --------- Core Integrity 0/250 Matter 300/300 Energy 100/100 System Corruption 5% Temperature Cool (6) Movement Core (150) Ox2 Location -10/Subcaves Parts ------- > --- POWER (1) -------- (None) > --- PROPULSION (2) --- (None) > --- UTILITY (2) ------ (None) > --- WEAPON (2) ------- Rocket Launcher Great Maul > --- INVENTORY (5) ---- Light Treads Assault Rifle Peak State ------------ > --- POWER ------------ Ion Engine > --- PROPULSION ------- Cesium-ion Thruster > --- UTILITY ---------- Disposable Heat Sink Disposable Heat Sink > --- WEAPON ----------- Ion Cannon Assault Rifle > --- INVENTORY -------- Light Treads Rocket Launcher Great Maul [Rating: 12] Favorites ----------- Power Ion Engine Engine Ion Engine Propulsion Light Treads Treads Light Treads Flight Unit Cesium-ion Thruster Utility Disposable Heat Sink Device Disposable Heat Sink Weapon Ion Cannon Energy Cannon Ion Cannon Ballistic Gun Assault Rifle Launcher Rocket Launcher Impact Weapon Great Maul Build | -11 -10 -10 -10 ------- Run | Yrd Mat Min Sub Slots Evolved . | . . . . Power . | . . . . Propulsion . | . . . . Utility . | . . . . Weapon . | . . . . Parts Attached 11 | 4 3 2 2 Power 1 | 1 . . . Engine 1 | 1 . . . Core . | . . . . Reactor . | . . . . Propulsion 3 | 2 . 1 . Treads 2 | 2 . . . Leg . | . . . . Wheel . | . . . . Hover . | . . . . Flight 1 | . . 1 . Utility 2 | . 2 . . Device 2 | . 2 . . Storage . | . . . . Processor . | . . . . Hackware . | . . . . Protection . | . . . . Artifact . | . . . . Weapon 5 | 1 1 1 2 Energy Gun . | . . . . Energy Cannon 2 | . 1 1 . Ballistic Gun 1 | 1 . . . Ballistic Cannon . | . . . . Launcher 1 | . . . 1 Special Weapon . | . . . . Impact Weapon 1 | . . . 1 Slashing Weapon . | . . . . Piercing Weapon . | . . . . Special Melee Weapon . | . . . . Unidentified Prototypes . | . . . . Corrupted Parts 1 | . . 1 . System Corruption 4 | . . 4 . Parts Lost 4 | . . . 4 Power 1 | . . . 1 Propulsion 1 | . . . 1 Utility 1 | . . . 1 Weapon 1 | . . . 1 Highest Loss Streak 3 | . . . 3 To Critical Strikes . | . . . . Average Backups 2 | . . 2 3 Power . | . . . . Propulsion . | . . . 1 Utility . | . . . . Weapon 1 | . . 2 2 Tool/Special . | . . . . Unused Backups . | . . . . Power . | . . . . Propulsion . | . . . . Utility . | . . . . Weapon . | . . . . Tool/Special . | . . . . Average Slot Usage (%) 62 | . 76 73 36 Engine 11 | . 14 14 6 Treads 7 | . 28 6 . Flight 7 | . . 10 5 Device 15 | . 7 20 9 Energy Cannon 11 | . 12 14 5 Ballistic Gun 5 | . 14 6 . Impact Weapon 2 | . . . 8 Peak Build Rating 12 | 4 9 12 9 Average Rating 7 | 3 5 9 6 On Entrance 5 | . 4 9 9 Naked Turns 1 | . . . 1 Heaviest Build 15 | 7 12 15 12 Greatest Support 40 | 40 40 40 5 Greatest Overweight (x) 3 | . . 2 3 Average Overweight (x) 1 | . . 1 1 Largest Inventory Capacity 5 | 5 5 5 5 Average Capacity 5 | 5 5 5 5 Most Carried 4 | 3 1 4 4 Average Carried 2 | . . 2 3 Final Capacity 5 | 5 5 5 5 Final Carried 4 | . . 4 2 Class Distribution -------------------- 100% | Mutant Dominant Class ---------------- Mutant | -10/Materials Mutant | -10/Mines Mutant | -10/Subcaves Resources | -11 -10 -10 -10 ----------- Run | Yrd Mat Min Sub Matter Collected 425 | 106 30 200 89 Remotely . | . . . . Salvage Created 342 | . 30 164 148 Parts 21 | . 3 12 6 Haulers Intercepted . | . . . . Recyclers Shooed . | . . . . Parts Field Recycled . | . . . . Retrieved Matter . | . . . . Parts Self-Destructed 5 | . . . 5 Prevented 2 | . . . 2 Kills | -11 -10 -10 -10 ------- Run | Yrd Mat Min Sub Combat Hostiles Destroyed 9 | . . 3 6 Melee 2 | . . . 2 Cannons 3 | . . 3 . AOE 2 | . . . 2 Classes Destroyed 6 | . 1 3 2 Builder 3 | . 1 2 . Tunneler 1 | . . 1 . Recycler 1 | . . 1 . Swarmer 6 | . . 3 3 Grunt 1 | . . . 1 Subdweller 2 | . . . 2 Best Kill Streak 3 | . 1 3 3 Combat Bots Only 3 | . . 3 3 Max Kills in Single Turn 1 | . 1 1 1 Gunslinging . | . . . . Exploded 1 | . . . 1 Melee 1 | . . . 1 Uniques/NPCs Destroyed . | . . . . Combat | -11 -10 -10 -10 -------- Run | Yrd Mat Min Sub Hostile Shots Fired 66 | . . 6 60 Missed 18 | . . 2 16 Hits 48 | . . 4 44 Projectile 48 | . . 4 44 Critical Strikes 2 | . . . 2 Damage Taken 718 | . . 99 619 Core 264 | . . 12 252 Absorbed by Shields . | . . . . Core Remaining (%) 100 | 100 . . . Volleys Fired 131 | 1 25 97 8 Largest 1 | 1 1 1 1 Hottest 60 | 20 60 60 60 Shots Fired 131 | 1 25 96 9 Gun 1 | 1 . . . Cannon 126 | . 25 96 5 Launcher 4 | . . . 4 Special . | . . . . Kinetic 1 | 1 . . . Thermal 126 | . 25 96 5 Explosive 4 | . . . 4 Electromagnetic . | . . . . Robot Hit Streak 6 | 1 2 6 5 Robot Miss Streak 2 | . . 2 1 Penetration Max . | . . . . Secondary Targets . | . . . . Shots Hit Robots 33 | 1 1 16 15 Core Hits 14 | . 1 7 6 Critical Kills . | . . . . Critical Parts Destroyed . | . . . . Critical Strikes . | . . . . Melee Attacks 32 | . . . 32 Impact 32 | . . . 32 Slashing . | . . . . Piercing . | . . . . Sneak Attacks 1 | . . . 1 Combat Hostiles . | . . . . Follow-up Attacks . | . . . . Damage Inflicted 1196 | 13 17 403 763 Guns 13 | 13 . . . Cannons 512 | . 17 403 92 Explosions 247 | . . . 247 Melee 424 | . . . 424 Ramming . | . . . . Kinetic 13 | 13 . . . Thermal 512 | . 17 403 92 Explosive 247 | . . . 247 Electromagnetic . | . . . . Impact 424 | . . . 424 Slashing . | . . . . Piercing . | . . . . Highest Corruption 5 | . 1 5 5 Average Corruption 4 | . 1 4 5 Corruption Purged . | . . . . Corruption Blocked . | . . . . Effects 39 | . . 21 18 Message Errors 10 | . . 1 9 Matter Fused 8 | . . 6 2 Heat Flow Errors 8 | . . 7 1 Energy Discharges 4 | . . 3 1 Parts Rejected 1 | . . . 1 Data Loss (minor) 3 | . . 3 . Data Loss (major) 2 | . . . 2 Misfires 1 | . . . 1 Alerts 1 | . . . 1 Weapon Failures 1 | . . 1 . Overload Shots . | . . . . Overflow Damage 92 | . . . 92 Projectiles . | . . . . Explosions . | . . . . Melee 92 | . . . 92 Knockbacks 3 | . . . 3 Impact 3 | . . . 3 Kinetic . | . . . . Secondary . | . . . . Self-Inflicted Damage 62 | . . . 62 Shots 2 | . . . 2 Rammed . | . . . . Targets Rammed . | . . . . Kicked . | . . . . Crushed . | . . . . Highest Temperature 356 | . 220 356 162 Average Temperature 106 | . 67 114 94 Received Heat Transfer 90 | . . . 90 Effects 2 | . . 2 . Interference 2 | . . 2 . Siege Activations . | . . . . Martial Activations . | . . . . Shielding Activations . | . . . . Robots Disrupted . | . . . . Combat Hostiles . | . . . . Robots Corrupted 2 | . . . 2 Combat Hostiles 2 | . . . 2 Parts Fried 2 | . . . 2 Impact Corruptions 3 | . . . 3 Robots Melted . | . . . . Combat Hostiles . | . . . . Parts Melted . | . . . . Heat Transferred 851 | . 37 666 148 Parts Sabotaged . | . . . . Parts Stolen . | . . . . Parts Stripped . | . . . . Power Chain Reactions . | . . . . Alert | -11 -10 -10 -10 ------- Run | Yrd Mat Min Sub Maximum Alert Level . | . . . . Low Security (%) 100 | 100 100 100 . Level 1 . | . . . . Level 2 . | . . . . Level 3 . | . . . . Level 4 . | . . . . Level 5 . | . . . . High Security . | . . . . Max Security . | . . . . Peak Influence 62 | . 25 62 . Initial . | . . . . Average 5 | . 4 5 . Influence Increases 249 | . 65 94 90 Destroy 0b10 Robot/C 140 | . . 60 80 Destroy 0b10 Robot/NC 25 | . 5 20 . Destroy Leader 20 | . . 10 10 Disable Machine 60 | . 60 . . Destroy Structure 4 | . . 4 . Influence Decreases 237 | . 65 94 78 Time Decay 227 | . 65 94 68 Lost Part 10 | . . . 10 Squads Dispatched . | . . . . Investigation . | . . . . Extermination . | . . . . Reinforcement . | . . . . Assault . | . . . . Garrison . | . . . . Intercept . | . . . . Searches Triggered . | . . . . Construction Impeded . | . . . . Haulers Reinforced . | . . . . Active Scanning Responses . | . . . . Cargo Convoy Interrupts . | . . . . Stealth | -11 -10 -10 -10 --------- Run | Yrd Mat Min Sub Distress Signals 1 | . . 1 . Communications Jammed . | . . . . Distress Signals . | . . . . Times Spotted 11 | . . 3 8 Peak Tracking Total 3 | . . 3 3 Tactical Retreats . | . . . . Traps | -11 -10 -10 -10 ------- Run | Yrd Mat Min Sub Traps Triggered 2 | . 1 1 . Indirectly . | . . . . Trap Hack Attempts . | . . . . Triggered . | . . . . Disarmed . | . . . . Reprogrammed . | . . . . Reused . | . . . . Traps Extracted . | . . . . Installed . | . . . . Triggered . | . . . . Machines | -11 -10 -10 -10 ---------- Run | Yrd Mat Min Sub Machines Disabled 4 | . 4 . . Max in Single Turn 1 | . 1 . . Machines Repaired . | . . . . Machines Dismantled . | . . . . Machines Sabotaged . | . . . . Overloaded Fab Kills . | . . . . Hacking | -11 -10 -10 -10 --------- Run | Yrd Mat Min Sub Machines Accessed 1 | . . 1 . Terminals . | . . . . Fabricators . | . . . . Repair Stations . | . . . . Recycling Units . | . . . . Scanalyzers . | . . . . Garrison Access . | . . . . Total Hacks 1 | . . 1 . Successful 1 | . . 1 . Failed . | . . . . Catastrophic . | . . . . Database Lockouts . | . . . . Manual . | . . . . Terminals . | . . . . Fabricators . | . . . . Repair Stations . | . . . . Recycling Units . | . . . . Scanalyzers . | . . . . Garrison Access . | . . . . Terminal Hacks 1 | . . 1 . Open Door 1 | . . 1 . Fabricator Hacks . | . . . . Repair Station Hacks . | . . . . Recycling Unit Hacks . | . . . . Scanalyzer . | . . . . Garrison Access Hacks . | . . . . Unauthorized Hacks . | . . . . Terminals . | . . . . Fabricators . | . . . . Repair Stations . | . . . . Recycling Units . | . . . . Scanalyzers . | . . . . Garrison Access . | . . . . Data Cores Recovered . | . . . . Used . | . . . . Hacking Detections . | . . . . Full Trace Events . | . . . . Feedback Events . | . . . . Feedback Blocked . | . . . . Robot Schematics Acquired . | . . . . Robots Built . | . . . . Authchips . | . . . . Time . | . . . . Total Robot Build Rating . | . . . . Part Schematics Acquired . | . . . . Parts Built . | . . . . Authchips . | . . . . Time . | . . . . Total Part Build Rating . | . . . . Parts Repaired . | . . . . Time . | . . . . Parts Recycled . | . . . . Recycled Matter . | . . . . Retrieved Matter . | . . . . Retrieved Components . | . . . . Parts Scanalyzed . | . . . . Part Schematics Acquired . | . . . . Parts Damaged . | . . . . Bothacking | -11 -10 -10 -10 ------------ Run | Yrd Mat Min Sub Used RIF Installer . | . . . . Robots Hacked . | . . . . Non-combat . | . . . . Combat . | . . . . Robot Hacks Applied . | . . . . Relay Couplers Released . | . . . . Fabnet Peak Effective % . | . . . . Robots Rewired . | . . . . Allies Hacked . | . . . . Hacks Repelled . | . . . . Allies | -11 -10 -10 -10 -------- Run | Yrd Mat Min Sub Total Allies . | . . . . Largest Group . | . . . . Highest-Rated Group . | . . . . Highest-Rated Ally . | . . . . Total Orders . | . . . . Ally Attacks . | . . . . Total Damage . | . . . . Kills . | . . . . Allies Corrupted . | . . . . Allies Melted . | . . . . Intel | -11 -10 -10 -10 ------- Run | Yrd Mat Min Sub Active Infowar (turns) . | . . . . Robot Analysis Total . | . . . . Derelict Logs Recovered 2 | . . 1 1 Drone Launches . | . . . . Drone Recoveries . | . . . . Exploration | -11 -10 -10 -10 ------------- Run | Yrd Mat Min Sub Turns Passed 1966 | 59 277 1053 577 Spaces Moved 857 | 38 136 352 331 Core 228 | 10 . . 218 Treads 304 | 28 136 140 . Legs . | . . . . Wheels . | . . . . Hover . | . . . . Flight 325 | . . 212 113 Fastest Speed 50 | 50 160 160 100 Average Speed 158 | 131 160 181 136 Slowest Speed 200 | 160 160 195 200 Overloaded Moves . | . . . . Propulsion Burnouts . | . . . . Robots Hopped . | . . . . Potential Cave-ins 2 | . . . 2 Cave-ins Triggered . | . . . . Exploration Rate (%) 31 | 4 21 73 29 Regions Visited 3 Branch Regions 2 Pre-discovered Areas 3 | . . 2 1 Known Exits Taken . | . . . . Unknown Exits Taken 3 | 1 1 1 . Scrap Searched 1 | . . 1 . Spaces Dug 24 | . . 5 19 Terrain Destroyed 50 | . . 14 36 Melee 4 | . . . 4 Projectile 14 | . . 14 . AOE 32 | . . . 32 Terrain Rammed . | . . . . Walls Destroyed . | . . . . Machines Disabled . | . . . . Actions | -11 -10 -10 -10 --------- Run | Yrd Mat Min Sub Total 1276 | 46 171 673 386 Wait 229 | . 5 215 9 Move 854 | 37 135 351 331 Hop . | . . . . Pick Up 12 | 4 3 4 1 Fast Attach . | . . . . Attach 12 | 4 3 1 4 Detach 2 | . . 1 1 Swap 1 | . . 1 . Drop 3 | . . 3 . Fire 131 | 1 25 97 8 Melee 32 | . . . 32 Ram . | . . . . Kick . | . . . . Crush . | . . . . Escape Stasis . | . . . . Rewire . | . . . . Trap . | . . . . Miscellaneous . | . . . . Route ------- -11/Scrapyard -10/Materials -10/Mines (discovered 3 exits: [*Mat x2] / [*Sub]) -10/Subcaves (discovered 1 exit: [*Mat]) History --------- Turn | Location | Event 29 | -11/Scrapyard | Discovered new exit (range 15) 60 | -11/Scrapyard | Entered Materials 303 | -10/Materials | Build established: Mutant 315 | -10/Materials | Discovered new exit (range 14) 337 | -10/Materials | Entered Mines 338 | -10/Mines | Learned location of Storage (-8) 494 | -10/Mines | Discovered new exit (range 7) 509 | -10/Mines | Received a Rocket Launcher from a helpful Derelict 569 | -10/Mines | Met a Derelict who couldn't figure out how to use a Trap Extractor 632 | -10/Mines | Discovered new exit (range 16) 1387 | -10/Mines | Discovered new exit (range 3) 1390 | -10/Mines | Entered Subcaves 1391 | -10/Subcaves | Approached by a straggling Scientist 1422 | -10/Subcaves | Learned location of Zion (-6) 1503 | -10/Subcaves | A swath of the cavern ceiling suddenly collapsed 1670 | -10/Subcaves | Lost 3 parts (1p1n1w) 1768 | -10/Subcaves | Core integrity fell below 50% 1785 | -10/Subcaves | Core integrity fell below 20% 1826 | -10/Subcaves | Discovered new exit (range 11) 1967 | -10/Subcaves | Destroyed by QC-UMH(R) with Subdweller Laser Last Messages --------------- S-10 Pest destroyed. Acquired 10 matter. Lgt. Assault Rifle fries itself beyond repair. System corrupted: Heat flow error (+207). EXIT=FOUND System corrupted: Matter fused (-8). N4-QT7(u) builds Twisted Machinery. Sneak attack on N4-QT7(u). WE-LZ0(u) builds Twisted Machinery. JLFQFJ|%CDZOYL8XD= 26<7&XQMN=A WE-LZ0(u) builds Twisted Machinery. WE-LZ0(u) tweaks Twisted Machinery. G-34 Mercenary destroyed. YKJS0%NOHN91 UTBR6